 Dungeon Crawl Stone Soup version 0.27.0-1-g7a089689b8 (webtiles) character file.

Game seed: 11985950953841831125

74 sanka the Sneak (level 4, 0/43 HPs)
             Began as a Kobold Delver on Aug 4, 2021.
             Slain by Natasha (2 damage)
             ... on level 3 of the Dungeon.
             The game lasted 00:04:53 (4177 turns).

sanka the Sneak (Kobold Delver)                     Turns: 4177, Time: 00:04:54

Health: 0/43       AC: 22    Str:  9    XL:     4   Next: 54%
Magic:  4/4        EV:  3    Int: 12    God:
Gold:   213        SH:  0    Dex: 16    Spells: 3/3 levels left

rFire    . . .     SeeInvis .     - Unarmed
rCold    . . .     Faith    .   (shield restricted)
rNeg     + + +     Spirit   .   (armour currently unavailable)
rPois    +         Reflect  .   (helmet currently unavailable)
rElec    .         Harm     .   (cloak currently unavailable)
rCorr    .         Rampage  .   (gloves currently unavailable)
Will     .....     NoTele   +   (boots currently unavailable)
Stlth    +++++.....             (no amulet)
HPRegen  0.14/turn              (no ring)
MPRegen  0.09/turn              (no ring)

@: tree-form
A: stationary, stasis, torment immunity, boosted hp, small, no large weapons,
nightstalker 3
a: no special abilities


You were on level 3 of the Dungeon.
You were a tree.
You visited 2 branches of the dungeon, and saw 6 of its levels.

You collected 213 gold pieces.


Innate Abilities, Weirdness & Mutations

You are a tree.
Your roots penetrate the ground, keeping you stationary.
You cannot be teleported.
You are immune to unholy pain and torment.
Your maximum health is greatly increased.
Your equipment is partially melded.
You are small and have problems with some larger weapons.
You are completely attuned to the shadows.


   Skills:
 - Level 4.0 Fighting
 - Level 2.4 Dodging
 - Level 7.0 Stealth
 + Level 3.6 Unarmed Combat


You had 3 spell levels left.
You didn't know any spells.
Your spell library contained the following spells:

 Spells                   Type           Power      Damage    Failure   Level
 Freeze                   Ice            0%         1d3       32%         1
 Frozen Ramparts          Ice            0%         1d2       69%         3
 Hailstorm                Conj/Ice       0%         3d3       97%         4
 Malign Gateway           Summ/Tloc      0%         N/A       100%        7
 Summon Horrible Things   Summ           0%         N/A       100%        8

Inventory:

Armour
 a - a +0 leather armour (melded)
Wands
 f - a wand of digging (3)
 h - a wand of acid (9)
Scrolls
 b - a scroll of fog
 c - a scroll of magic mapping
 d - a scroll of fear
 g - a scroll of immolation {unknown}
 i - a scroll of vulnerability {unknown}
 j - 2 scrolls of identify {unknown}
Potions
 e - a potion of haste {@q3}
 k - a potion of heal wounds {unknown}
 m - a potion of brilliance {unknown}

Dungeon Overview and Level Annotations

Branches:
Dungeon (5/15)             Temple (1/1) D:4

Altars:
Ashenzari
Cheibriados
Dithmenos
Elyvilon
Fedhas
Gozag
Hepliaklqana
Kikubaaqudgha
Nemelex Xobeh
Qazlal
Sif Muna
Trog
Uskayaw
Vehumet
Wu Jian
Xom
Yredelemnul
The Shining One

Annotations:
D:2 exclusion: 3 gnolls
D:3 exclusion: worm, Natasha
D:4 exclusions: hound and ufetubus
D:5 exclusion: orc

▒▒▒▒▒▒
▒h....
▒♣▒ ▒.▒
▒.▒ ▒.▒
▒.▒ ▒.▒
▒▒▒▒▒▒
▒.▒
.....▒▒
▒.▒
.......
▒.▒
▒▒▒▒.▒▒


You could see Natasha.


Message History

The magic dart hits you!
* * * LOW HITPOINT WARNING * * *
Unknown command.
Unknown command.
It was a potion of lignification.
You turn into a tree.
Your roots penetrate the ground.
Natasha stares at you and mumbles some strange words.
The magic dart hits you.
* * * LOW HITPOINT WARNING * * *
You are already empty-handed.
You hit Natasha but do no damage. You punch Natasha.
Natasha is heavily wounded.
Natasha claws you but does no damage.
You barely miss Natasha.
Natasha is heavily wounded.
Natasha claws you but does no damage.
You barely miss Natasha.
Natasha is heavily wounded.
Natasha claws you but does no damage.
You barely miss Natasha.
Natasha is heavily wounded.
Natasha howls an incantation.
Natasha glows brightly for a moment.
Natasha claws you but does no damage.
You hit Natasha but do no damage.
Natasha is heavily wounded.
Natasha claws you.
You die...

Action                   |  1- 3 |  4- 6 || total
-------------------------+-------+-------++-------
Melee: Unarmed           |   193 |    41 ||   234
       Punch             |     1 |     2 ||     3
  Use: Potion            |     1 |     1 ||     2
 Stab: Sleeping          |    16 |     5 ||    21
Armor: Leather armour    |    36 |     6 ||    42
       Skin              |       |     4 ||     4
Dodge: Dodged            |   119 |    24 ||   143

Levels and vault maps discovered:
D:1:      psy_arrival_whirlpool, layout_basic,
          hellmonk_ecumenical_altar_crossroads
D:2:      layout_rooms
D:3:      layout_basic, uniq_natasha
D:4:      cheibrodos_old_hovel, layout_loops_corners,
          minmay_temple_entry_drinking_statues, uniq_menkaure
D:5:      layout_loops_ring, serial_shops, nicolae_shop_overgrown_old_shop,
          chequers_big_river, patterned_corridor
Temple:   regret_index_temple_mists

Notes
Turn   | Place    | Note
-------+----------+-------------------------------------------
     0 | D:5      | sanka the Kobold Delver began the quest for the Orb.
     0 | D:5      | Reached XP level 1. HP: 14/14 MP: 1/1
   128 | D:5      | Noticed an iguana
   501 | D:4      | Noticed a hound
   606 | D:4      | Reached skill level 7 in Stealth
   736 | D:4      | Found a staircase to the Ecumenical Temple.
   748 | D:4      | Reached XP level 2. HP: 14/19 MP: 2/2
   820 | Temple   | Entered the Ecumenical Temple
  1969 | D:1      | Reached skill level 4 in Fighting
  2071 | D:1      | Reached XP level 3. HP: 24/24 MP: 3/3
  2555 | D:1      | Found a faded altar of an unknown god.
  3302 | D:2      | Reached skill level 3 in Unarmed Combat
  3570 | D:2      | Reached XP level 4. HP: 24/29 MP: 4/4
  4155 | D:3      | Noticed Natasha
  4171 | D:3      | HP: 2/29 [Natasha/magic dart (7)]
  4177 | D:3      | Slain by Natasha

Vanquished Creatures
  3 adders
  A dart slug (D:2)
  7 ball pythons
  3 endoplasms
  3 giant cockroaches
  3 hobgoblins
  3 quokkas
  4 bats
  2 frilled lizards
  7 goblins
  6 kobolds
  4 rats
46 creatures vanquished.

Vanquished Creatures (others)
  A plant (D:4)
1 creature vanquished.

Grand Total: 47 creatures vanquished
